 Dungeon Crawl Stone Soup version 0.31-a0-200-gbc41564c69 (webtiles) character file.

Game seed: 11183116086275221395

54 qw the Shooter (level 3, 0/20 HPs)
             Began as a Deep Elf Hunter on June 25, 2023.
             Succumbed to their own poison gas
             ... on level 2 of the Dungeon.
             The game lasted 00:00:26 (1624 turns).

qw the Shooter (Deep Elf Hunter)                    Turns: 1624, Time: 00:00:27

Health: 0/20       AC:  4    Str: 10    XL:     3   Next: 66%
Magic:  5/5        EV: 11    Int: 13    God:
Gold:   129        SH:  4    Dex: 18    Spells: 2/2 levels left

rFire   . . .        Y - +0 shortbow
rCold   . . .        (shield currently unavailable)
rNeg    . . .        j - +0 ring mail
rPois   .            (no helmet)
rElec   .            (no cloak)
rCorr   .            d - +1 pair of gloves
SInv    .            (no boots)
Will    +....        (no amulet)
Stlth   +            i - ring of willpower
HPRegen 0.23/turn    (no ring)
MPRegen 0.09/turn

%: no passive effects
@: lethally poisoned (0 -> -5)
A: large bone plates 1, deformed body
a: no special abilities


You were on level 2 of the Dungeon.
You visited 1 branch of the dungeon, and saw 2 of its levels.

You collected 129 gold pieces.


Innate Abilities, Weirdness & Mutations

You are partially covered in large bone plates. (SH +4)
Armour fits poorly on your strangely shaped body.


   Skills:
 - Level 1.5 Fighting
 + Level 7.2 Ranged Weapons
 - Level 2.4 Dodging
 - Level 1.2 Stealth


You had 2 spell levels left.
You didn't know any spells.
Your spell library was empty.

Inventory:

Hand Weapons
 Y - a +0 shortbow (weapon)
Armour
 d - a +1 pair of gloves (worn)
 j - a +0 ring mail (worn)
Jewellery
 i - a ring of willpower (left hand)
Scrolls
 a - a scroll of identify
Potions
 f - a potion of mutation
 g - a potion of haste {unknown}
 k - a potion of resistance {unknown}
 l - a potion of enlightenment {unknown}

Dungeon Overview and Level Annotations

Branches:
Dungeon (2/15)

Altars:


Message History

1617 ||| DROPPING +6 ring of intelligence.
You drop a +6 ring of intelligence.
Done exploring.
1618 ||| UPGRADING to ring of willpower.
i - a ring of willpower (left hand) Done exploring.
1619 ||| READING scroll labelled GUKUXT URRYUZOM.
The air fills with toxic fumes!
As you read the scroll labelled GUKUXT URRYUZOM, it crumbles to dust.
It was a scroll of poison.
Done exploring.
(D) Dungeon
Where to? (* - list waypoints, Enter - D:2, ? - help)
What level of the Dungeon? (default 1, ? - help) Sorry, I don't know how to get there.
Enter note:
Enter note:
Enter note:
Enter note:
Enter note:
Enter note:
Enter note:
Enter note:
Enter note:
Enter note:
Enter note:
Enter note: Really walk into that cloud of poison gas?
You are engulfed in poison gas.
You are poisoned.
You feel very sick.
1621 ||| Stepping ~*~*~tactically~*~*~ (cloud).
You feel very sick.
Things that are here:
a +6 ring of intelligence; a +0 leather armour; a +0 pair of gloves
There is a lethal amount of poison in your body!
You feel sick.
There is a lethal amount of poison in your body!
You feel sick.
There is a lethal amount of poison in your body!
You die...

.......#.........#
......####.#####¤#
...........#...#¤#
...............#¤#
......######.###¤#
##.......# #.# #¤#
##.#####.###.# #¤#
#..<# #.....# #¤#
##### ####### #@#
...# #¤##### ##.#
#¤¤...#
#.#################.#
#...................#
###################.#
###


There were no monsters in sight!

Vanquished Creatures
  2 adders (D:2)
  A worm (D:2)
  A dart slug (D:2)
  4 ball pythons
  3 bats (D:1)
  An endoplasm (D:1)
  3 goblins
  3 hobgoblins
  2 jackals (D:1)
  3 kobolds
  5 frilled lizards
  A rat (D:1)
29 creatures vanquished.

Notes
Turn   | Place    | Note
-------+----------+-------------------------------------------
     0 | D:1      | qw the Deep Elf Hunter began the quest for the Orb.
     0 | D:1      | Reached XP level 1. HP: 12/12 MP: 3/3
     0 | D:1      | 0 ||| qw: Version: 0.3-a-22-g0ed2b0b
     0 | D:1      | 0 ||| qw: Game counter: 5662
     0 | D:1      | 0 ||| qw: Melee chars always use a shield: true
     0 | D:1      | 0 ||| qw: God list: Okawaru
     0 | D:1      | 0 ||| qw: Allow faded altars: false
     0 | D:1      | 0 ||| qw: Do Orc after clearing Dungeon:15 true
     0 | D:1      | 0 ||| qw: Do second Lair branch before Depths: true
     0 | D:1      | 0 ||| qw: Lair rune preference: random
     0 | D:1      | 0 ||| qw: Goals: Normal
     0 | D:1      | 0 ||| PLANNING D:1-11
     7 | D:1      | Noticed a hound
     7 | D:1      | Noticed a polar bear
     7 | D:1      | Noticed a redback
     8 | D:1      | Noticed a lindwurm
     8 | D:1      | Noticed an eight-headed hydra
   269 | D:1      | Reached skill level 6 in Ranged Weapons
   269 | D:1      | Reached XP level 2. HP: 11/16 MP: 4/4
   371 | D:1      | Found a faded altar of an unknown god.
   737 | D:1      | 737 ||| READING 2 scrolls labelled BYNLONACWA.
   738 | D:1      | 738 ||| READING 2 scrolls labelled OPSOMI INEKK.
   739 | D:1      | 739 ||| READING scroll labelled KOECSO ONAKO.
   740 | D:1      | 740 ||| READING scroll labelled PETAVV GANYX.
   741 | D:1      | 741 ||| READING scroll labelled UNI BALESA.
   742 | D:1      | 742 ||| DRINKING 2 golden potions.
   742 | D:1      | Gained mutation: Armour fits poorly on your strangely
                  | shaped body. [potion of mutation]
   742 | D:1      | Gained mutation: You are partially covered in large bone
                  | plates. (SH +4) [potion of mutation]
   743 | D:1      | 743 ||| DROPPING scroll of butterflies.
   744 | D:1      | 744 ||| DROPPING scroll of vulnerability.
   848 | D:2      | Reached XP level 3. HP: 20/20 MP: 5/5
  1188 | D:2      | Reached skill level 7 in Ranged Weapons
  1590 | D:2      | 1590 ||| UPGRADING to +0 pair of gloves.
  1595 | D:2      | 1595 ||| UPGRADING to +1 pair of gloves.
  1605 | D:2      | 1605 ||| DROPPING +0 pair of gloves.
  1606 | D:2      | 1606 ||| UPGRADING to +0 ring mail.
  1616 | D:2      | 1616 ||| DROPPING +0 leather armour.
  1617 | D:2      | 1617 ||| DROPPING +6 ring of intelligence.
  1618 | D:2      | 1618 ||| UPGRADING to ring of willpower.
  1619 | D:2      | 1619 ||| READING scroll labelled GUKUXT URRYUZOM.
  1621 | D:2      | 1621 ||| Stepping ~*~*~tactically~*~*~ (cloud).
  1622 | D:2      | HP: 4/20 [poisoned by you (poison gas)]
  1624 | D:2      | Succumbed to their own poison gas

Levels and vault maps discovered:
D:1:      onia_arrival_zoo_common, layout_loops_ring,
          hellmonk_ecumenical_altar_crossroads
D:2:      layout_basic, chequers_serial_rivers_large_b

Skill      XL: |  1  2  3 |
---------------+----------+-----
Ranged Weapons | 6 7 |  7.2
Fighting       | |  1.5
Dodging        | |  2.4
Stealth        | |  1.2

Action                     || total
---------------------------++-------
   Fire: Shortbow          ||    77
    Use: Scroll            ||     6
         Potion            ||     1
 Armour: Leather armour    ||     4
  Dodge: Dodged            ||    31
  Block: Other             ||     1

Table legend:
 A = Non-vault XP
 B = Vault XP
 C = Vault XP percentage of total XP
 D = Non-vault monster count
 E = Vault monster count
 F = Vault count percentage of total count
                 A         B        C        D         E       F
            +---------+---------+-------+---------+---------+-------
      Total |      78 |       0 |   0.0 |      29 |       0 |   0.0
            +---------+---------+-------+---------+---------+-------
        D:1 |      29 |       0 |   0.0 |      17 |       0 |   0.0
        D:2 |      49 |       0 |   0.0 |      12 |       0 |   0.0
            +---------+---------+-------+---------+---------+-------
